 Dungeon Crawl Stone Soup version 0.19-a0-49-gb8736b8 (webtiles) character file.

14 M4edhros the Grave Robber (level 2, -2/17 HPs)
             Began as an Octopode Necromancer on May 6, 2016.
             Slain by a kobold
             ... wielding a +0 dagger
              (3 damage)
             ... on level 2 of the Dungeon.
             The game lasted 00:01:20 (296 turns).

M4edhros the Grave Robber (Octopode Necromancer)     Turns: 296, Time: 00:01:21

Health: -2/17      AC:  1    Str:  7    XL:     2   Next: 41%
Magic:  4/5        EV: 12    Int: 17    God:
Gold:   21         SH:  0    Dex: 12    Spells: 1 memorised, 4 levels left

rFire  . . .     SeeInvis .       - Unarmed
rCold  . . .     Gourm    .     (no shield)
rNeg   . . .     Faith    .     (helmet restricted)
rPois  .         Spirit   .     (no amulet)
rElec  .         Dismiss  .     (no ring)
rCorr  .         Reflect  .     (no ring)
SustAt .         Harm     .     (no ring)
MR     .....                    (no ring)
Stlth  +++.......               (no ring)
                                (no ring)
                                (no ring)
                                (no ring)

@: very slightly contaminated, not resistant to hostile enchantments, fairly
stealthy
A: almost no armour, amphibious, 8 rings, constrict 8, camouflage 1, gelatinous
body 1
a: no special abilities


You were on level 2 of the Dungeon.
You were not hungry.

You visited 1 branch of the dungeon, and saw 3 of its levels.

You collected 21 gold pieces.

Inventory:

Armour
 e - a cursed +0 plate armour
Wands
 g - a wand of teleportation (7/9)
Scrolls
 d - a scroll of magic mapping {unknown}
 f - a scroll of fear {unknown}
Books
 a - a book of Necromancy

   Spells                             Type                      Level
   a - Pain                           Necromancy                   1
   b - Animate Skeleton               Necromancy                   1
   c - Vampiric Draining              Necromancy                   3
   d - Regeneration                   Charms/Necromancy            3
   e - Animate Dead                   Necromancy                   4
   f - Control Undead                 Necromancy                   4
Comestibles
 b - a bread ration
 c - 2 chunks of flesh


   Skills:
 - Level 2.0 Dodging
 - Level 2.6 Stealth
 + Level 2.0 Unarmed Combat
 - Level 2.0 Spellcasting
 - Level 4.0 Necromancy


You had 4 spell levels left.
You knew the following spells:

 Your Spells              Type           Power        Failure   Level  Hunger
a - Pain                  Necr           ###.         3%          1    #......


Dungeon Overview and Level Annotations

Branches:
Dungeon (3/15)

Altars:
Vehumet
Yredelemnul


Innate Abilities, Weirdness & Mutations

You cannot wear most types of armour.
You are amphibious.
You can wear up to eight rings at the same time.
You can use your tentacles to constrict eight enemies at once.
Your skin changes colour to match your surroundings (Stealth).
Your rubbery body absorbs attacks (AC +1).


Message History

The kobold hits you with a dagger.
* * * LOW HITPOINT WARNING * * *
You tentacle-slap the kobold but do no damage.
You grab the kobold. You constrict the kobold. The kobold barely misses you.
You barely miss the kobold.
The kobold is moderately wounded.
You constrict the kobold, but do no damage.
The kobold hits you with a dagger.
* * * LOW HITPOINT WARNING * * *
Casting: Pain
Confirm with . or Enter, or press ? or * to list all spells.
Aiming: Pain
Press: ? - help, Shift-Dir - straight line, f - kobold
Aim: a kobold, wielding a dagger (moderately wounded, constricted by you, chance to defeat MR: 92%)
You miscast Pain.
You are very lightly contaminated with residual magic.
You sense a malignant aura.
You constrict the kobold, but do no damage.
The kobold hits you with a dagger.
You die...

#######
#K@...#
#.###.# #.
#.# ## #.#
#.#
########.#
.......>.#
########.#
..#


You could see a kobold.

Vanquished Creatures
  An orc (D:3)
  A bat (D:2)
  A giant cockroach (D:3)
  2 hobgoblins (D:2)
  2 quokkas
  2 giant newts (D:3)
  A goblin (D:2)
  A kobold (D:3)
  A rat (D:3)
12 creatures vanquished.

Notes
Turn   | Place    | Note
--------------------------------------------------------------
     0 | D:1      | M4edhros the Octopode Necromancer began the quest for the Orb.
     0 | D:1      | Reached XP level 1. HP: 11/11 MP: 3/3
    66 | D:2      | Reached skill level 1 in Unarmed Combat
    86 | D:2      | Found a radiant altar of Vehumet.
   121 | D:3      | Noticed an orc priest
   136 | D:3      | Reached XP level 2. HP: 3/17 MP: 1/5
   159 | D:3      | Found a basalt altar of Yredelemnul.
   296 | D:2      | Slain by a kobold

Vault maps used:
D:1:      eino_arrival_cavern_c
D:2:      nicolae_overflow_crystal_walls, kennysheep_crisscross,
          serial_park_tiny_1, trog_book
D:3:      okawaru_trees_2, yredelemnul_altar_generic

Skill      XL: |  1  2 |
---------------+-------+-----
Unarmed Combat | 1 2 |  2.0
Dodging        | |  2.0
Stealth        | |  2.6
Spellcasting   | |  2.0
Necromancy     | |  4.0

Action                   || total
-------------------------++-------
Melee: Unarmed           ||    16
       Constrict         ||     3
 Cast: Pain              ||    11
  Use: Scroll            ||     2
 Stab: Sleeping          ||     3
Armor: Skin              ||     3
Dodge: Dodged            ||     9
